 Dungeon Crawl Stone Soup version 0.31-a0-1118-gbca3d03946 (webtiles) character file.

Game seed: 466604568841039987

102 crawlacc the Covered (level 4, -1/40 HPs)
             Began as a Minotaur Fighter on June 23, 2023.
             Slain by a gnoll
             ... wielding a +0 spear
              (3 damage)
             ... on level 3 of the Dungeon on Dec 4, 2023.
             The game lasted 00:31:35 (2697 turns).

crawlacc the Covered (Minotaur Fighter)             Turns: 2697, Time: 00:31:35

Health: -1/40      AC:  7    Str: 22    XL:     4   Next: 50%
Magic:  3/3        EV:  9    Int:  5    God:
Gold:   105        SH:  4    Dex: 10    Spells: 3/3 levels left

rFire   . . .        a - +0 war axe
rCold   . . .        c - +0 buckler
rNeg    . . .        b - +0 scale mail
rPois   .            (helmet restricted)
rElec   .            (no cloak)
rCorr   .            (no gloves)
SInv    .            (no boots)
Will    .....        (no amulet) Stlth
                     (no ring)
HPRegen 0.26/turn    (no ring)
MPRegen 0.08/turn

%: no passive effects
@: no status effects
A: horns 2, retaliatory headbutt
a: no special abilities


You were on level 3 of the Dungeon.
You visited 1 branch of the dungeon, and saw 3 of its levels.

You collected 105 gold pieces.

Inventory:

Hand Weapons
 a - a +0 war axe (weapon)
 k - a +0 dagger
 r - a +0 flail
Missiles
 e - 22 stones (quivered)
 o - 4 poisoned darts
Armour
 b - a +0 scale mail (worn)
 c - a +0 buckler (worn)
Magical Staves
 j - a staff of earth
Scrolls
 d - a scroll of enchant armour {unknown}
 h - 2 scrolls of revelation {unknown}
 i - 6 scrolls of identify {unknown}
 l - a scroll of fog {unknown}
 n - a scroll of enchant weapon {unknown}
 s - a scroll of fear {unknown}
Potions
 f - a potion of lignification {unknown}
 g - a potion of curing {unknown}
 m - a potion of invisibility {unknown}
 p - a potion of haste {unknown}
 q - a potion of berserk rage {unknown}


   Skills:
 * Level 4.0 Fighting
 * Level 4.2 Axes
 * Level 4.4 Armour
 + Level 0.8 Dodging
 + Level 0.4 Stealth
 + Level 4.0 Shields


You had 3 spell levels left.
You didn't know any spells.
Your spell library contained the following spells:

 Spells                   Type           Power      Damage    Failure   Level
 Call Canine Familiar     Summ           0%         N/A       99%         3
 Sigil of Binding         Hex            0%         N/A       99%         3
 Dimensional Bullseye     Hex/Tloc       0%         N/A       100%        4
 Leda's Liquefaction      Hex/Erth       0%         N/A       100%        4
 Vhi's Electric Charge    Tloc/Air       0%         N/A       100%        4
 Arcjolt                  Conj/Air       0%         1d10      100%        5
 Plasma Beam              Fire/Air       0%         2x1d10    100%        6


Dungeon Overview and Level Annotations

Branches:
Dungeon (3/15)

Altars:


Innate Abilities, Weirdness & Mutations

You have a pair of horns on your head.
You reflexively headbutt those who attack you in melee.


Message History

You hit the gnoll. Your headbutt misses the gnoll.
The gnoll is moderately wounded.
The gnoll hits you with a +0 spear. The gnoll closely misses you. x2
The gnoll barely misses you.
You hit the gnoll.
The gnoll is heavily wounded.
The gnoll hits you with a +0 spear. The gnoll barely misses you.
You hit the gnoll but do no damage. You headbutt the gnoll.
You kill the gnoll!
The gnoll closely misses you.
A frilled lizard comes into view.
Found a scroll labelled FEZ XOOTODU.
The frilled lizard hisses angrily.
The gnoll closely misses you.
Things that are here:
a +0 spear; a gnoll corpse You barely miss the gnoll.
The gnoll hits you with a +0 spear.
A frilled lizard comes into view.
The gnoll hits you but does no damage.
You closely miss the gnoll.
The frilled lizard hisses angrily.
The gnoll hits you with a +0 spear.
* * * LOW HITPOINT WARNING * * *
You slash the gnoll!
The gnoll is almost dead.
The gnoll hits you with a +0 spear.
* * * LOW HITPOINT WARNING * * *
You hit the gnoll but do no damage.
The gnoll is almost dead.
The gnoll hits you with a +0 spear.
* * * LOW HITPOINT WARNING * * *
You block the gnoll's attack.
You hit the gnoll but do no damage.
The gnoll is almost dead.
The gnoll hits you with a +0 spear.
* * * LOW HITPOINT WARNING * * *
You closely miss the gnoll.
The gnoll is almost dead.
The gnoll hits you with a +0 spear.
You die...

#.# #. ...#.#.### #.# #l
#####.#.#.##### #####.# .
l #.......†...... ......#
.. ## #.###..........
####### #..#. ###
#.......... #....
#..####..........
.##...##....##...........
..#...#......####.#......
..##.##Hg# #.##.....
##..#.#))####..#
#.#######
.#..#.#..#.(#..# #.#
#.#..#.#..#r##..# #.#
#.#...#...#.#..# #.#
##### .#...#...#....# #.#
....# ##...#...##..## #.#
##### #....#....#####
##.##
###...#..###..###...##


You could see a gnoll, 2 frilled lizards and a rat.

Vanquished Creatures
  3 gnolls (D:3)
  3 worms
  3 dart slugs
  7 orcs (D:3)
  2 bats
  8 endoplasms
  4 goblins
  A hobgoblin (D:3)
  3 jackals (D:1)
  2 quokkas (D:1)
  4 ball pythons
  5 kobolds
  5 rats
50 creatures vanquished.

Notes
Turn   | Place    | Note
-------+----------+-------------------------------------------
     0 | D:1      | crawlacc the Minotaur Fighter began the quest for the Orb.
     0 | D:1      | Reached XP level 1. HP: 19/19 MP: 0/0
   194 | D:1      | Found a faded altar of an unknown god.
   488 | D:1      | Reached XP level 2. HP: 25/27 MP: 1/1
  1593 | D:2      | Reached XP level 3. HP: 33/33 MP: 2/2
  1665 | D:2      | Upgraded the game from 0.31-a0-188-g5e087ee2ca to
                  | 0.31-a0-1118-gbca3d03946
  2416 | D:3      | Reached XP level 4. HP: 24/40 MP: 3/3
  2696 | D:3      | HP: 2/40 [gnoll/+0 spear (2)]
  2697 | D:3      | Slain by a gnoll

Illustrated notes

Levels and vault maps discovered:
D:1:      dpeg_arrival_rooms_b, layout_loops_corners,
          ebering_ecumenical_altar_box
D:2:      layout_basic, serial_forest, infiniplex_forest_clump_small,
          infiniplex_forest_lined_2, infiniplex_forest_split,
          infiniplex_forest_zigzag_1, infiniplex_forest_straight_5,
          grunt_decor_fettered, minmay_misc_feat_tiny, serial_bayou_pond_a,
          kennysheep_generic_room_4
D:3:      layout_loops_corners, st_stairs_7, minmay_puff

Skill      XL: |  1  2  3  4 |
---------------+-------------+-----
Shields        | 4 |  4.0
Fighting       | 4 |  4.0
Axes           | 3 4 |  4.2
Armour         | 4 |  4.4
Dodging        | |  0.8
Stealth        | |  0.4

Action                     |  1- 3 |  4- 6 || total
---------------------------+-------+-------++-------
  Melee: War axe           |    80 |    16 ||    96
         Headbutt          |    15 |     1 ||    16
  Throw: Stone             |     3 |       ||     3
    Use: Potion            |     1 |       ||     1
 Armour: Scale mail        |    39 |    17 ||    56
  Dodge: Dodged            |    24 |    15 ||    39
  Block: Buckler           |    14 |     3 ||    17

Table legend: (Time is in decaauts)
 A = Elapsed time spent in this place.
 B = Non-inter-level travel time spent in this place.
 C = Inter-level travel time spent in this place.
 D = Time resting spent in this place.
 E = Time spent auto-exploring this place.
 F = Levels seen in this place.
 G = Mean time per level.
                   A        B        C        D        E       F      G
               +--------+--------+--------+--------+--------+-----+--------+
         Total |   2727 |   1863 |    864 |      2 |    973 |   3 |  909.0 |
       Dungeon |   2727 |   1863 |    864 |      2 |    973 |   3 |  909.0 |
               +--------+--------+--------+--------+--------+-----+--------+

Top non-repeatable levels by time:
     D:1: 1366 daAuts
     D:2: 758 daAuts
     D:3: 603 daAuts
